 Dungeon Crawl Stone Soup version 0.29-a0-100-g60f898f876 (webtiles) character file.

Game seed: 14742494646272142929

2088 esteth the Magician (level 9, -14/58 HPs)
             Began as a Djinni Ice Elementalist on Feb 11, 2022.
             Demolished by Harold (18 damage)
             ... on level 7 of the Dungeon on Feb 14, 2022.
             The game lasted 00:16:21 (8208 turns).

esteth the Magician (Djinni Ice Elementalist)       Turns: 8208, Time: 00:16:22

Health: -14/58     AC:  6    Str:  7    XL:     9   Next: 52%
Gold:   398        EV: 11    Int: 21    God:
                   SH:  5    Dex: 14

rFire   + + .      SeeInvis .   B - +9 mace "Cymm" {venom, rPois}
rCold   . . .      Faith    .   (no shield)
rNeg    . . .      Spirit   .   q - +3 leather armour {Will+}
rPois   ∞          Reflect  +   (no helmet)
rElec   .          Harm     .   (no cloak)
rCorr   .          Rampage  .   (no gloves)
Will    +....                   (boots unavailable)
Stlth   ++........              K - amulet of reflection
HPRegen 0.19/turn               C - ring of protection from cold
MPRegen 0.00/turn               (no ring)

@: freezing walls, flying, hasted, very quick
A: sickness immunity, fire resistance 2, cold vulnerability 1, float, innate
caster, HP casting, extra vitality 1
a: no special abilities


You were on level 7 of the Dungeon.
You visited 2 branches of the dungeon, and saw 8 of its levels.

You collected 398 gold pieces.


Innate Abilities, Weirdness & Mutations

You are immune to sickness and miasma.
You are immune to poison.
Your flesh is very heat resistant. (rF++)
You are vulnerable to cold. (rC-)
You float through the air rather than walking.
You learn spells naturally, not from books.
Your magical power is your life essence.
You have superior vitality. (+4 MHP)


   Skills:
 + Level 2.3 Fighting
 + Level 5.9 Maces & Flails
 - Level 2.1 Dodging
 - Level 1.5 Stealth
 + Level 7.8 Spellcasting


You had 2 spell levels left.
You knew the following spells:

 Your Spells              Type           Power      Damage    Failure   Level
a - Apportation           Tloc           80%        N/A       1%          1
c - Corpse Rot            Necr/Air       80%        N/A       1%          2
f - Freeze                Ice            100%       1d11      1%          1
h - Hailstorm             Conj/Ice       40%        3d10      4%          4
o - Ozocubu's Armour      Ice            40%        N/A       1%          3
r - Frozen Ramparts       Ice            80%        1d10      1%          3
s - Summon Lightning Spi  Summ/Air       40%        N/A       4%          4
v - Vampiric Draining     Necr           40%        2d8       1%          3
Your spell library was empty.

Inventory:

Hand Weapons
 k - a +0 dagger
   (You found it on level 1 of the Dungeon)
 l - a +0 hand axe
   (You found it on level 1 of the Dungeon)
 B - the +9 mace "Cymm" (weapon) {venom, rPois}
   (You found it on level 3 of the Dungeon)

   It poisons the flesh of those it strikes.
   rPois:     It protects you from poison.
 N - a +1 vorpal mace
   (You found it on level 1 of the Dungeon)
Missiles
 f - 37 arrows
 h - 215 stones
 v - 87 sling bullets
 w - 54 bolts
 F - 8 poisoned darts
 I - 3 boomerangs
Armour
 a - a +0 robe
 q - a +3 leather armour of willpower (worn)
   (You took it off Ijyb on level 3 of the Dungeon)
 t - a +0 cloak
   (You found it on level 2 of the Dungeon)
 D - a +0 helmet
   (You found it on level 4 of the Dungeon)
 H - a +0 cloak
   (You found it on level 5 of the Dungeon)
Jewellery
 n - a ring of positive energy
   (You found it on level 6 of the Dungeon)
 C - a ring of protection from cold (left hand)
   (You found it on level 4 of the Dungeon)
 K - an amulet of reflection (around neck)
   (You found it on level 6 of the Dungeon)
 L - a ring of flight
   (You found it on level 5 of the Dungeon)
Wands
 d - a wand of iceblast (13)
   (You took it off Ijyb on level 3 of the Dungeon)
Scrolls
 b - 5 scrolls of identify {unknown}
 c - a scroll of brand weapon {unknown}
 j - 5 scrolls of fear {unknown}
 m - a scroll of teleportation {unknown}
 o - 2 scrolls of fog {unknown}
 p - 2 scrolls of vulnerability {unknown}
 r - 2 scrolls of blinking {unknown}
 s - a scroll of amnesia {unknown}
 u - a scroll of enchant armour {unknown}
 y - 2 scrolls of magic mapping {unknown}
 M - a scroll of immolation {unknown}
 O - a scroll of holy word {unknown}
Potions
 g - a potion of magic {unknown}
 i - a potion of degeneration {unknown}
 x - a potion of mutation {unknown}
 z - 2 potions of lignification {unknown}
 A - 2 potions of berserk rage {unknown}
 E - 4 potions of resistance
 G - a potion of attraction {unknown}

Dungeon Overview and Level Annotations

Branches:
Dungeon (7/15)             Temple (1/1) D:7

Altars:
Ashenzari
Cheibriados
Dithmenos
Fedhas
Gozag
Nemelex Xobeh
Okawaru
Qazlal
Ru
Sif Muna
Uskayaw
Vehumet
Wu Jian
Xom
Yredelemnul
Zin
The Shining One

Shops:
D:3 [   D:5 (

Annotations:
D:3 1 runed translucent door, Crazy Yiuf
D:7 Harold

#. ..# ...##.# #.#...
....... ##..#.# .......
...#.# .......
#.#.###.......
#.....'...|...
#..(###.......
#......@...... ###
#....#@.8.....
..#.#######....#........
#.#..........>.#.#######
#.#............#.#
#.#............#.##
#.#............#...
#<#............#..#
###+#######........
......#####...##..#


You could see Harold (ally target) and a friendly lightning spire (summoned).


Message History

Confirm with . or Enter, or press ? or * to list all spells.
A film of ice covers your body! 😕 HP[-3]
You take 3 damage, and now have 55/58 hp.
Casting: Ozocubu's Armour (safe; 1% risk of failure)
Confirm with . or Enter, or press ? or * to list all spells.
Casting: Frozen Ramparts (safe; 1% risk of failure)
Press: ? - help, Dir - look around, f - activate The walls around you are covered in ice. 😕 HP[-2]
You take 2 damage, and now have 53/58 hp.
Casting: Frozen Ramparts (safe; 1% risk of failure)
Confirm with . or Enter, or press ? or * to list all spells.
An electric hum fills the air.
Harold throws a throwing net.
The throwing net hits you.
You become entangled in the net! 😕 HP[-4]
You take 4 damage, and now have 49/58 hp.
You struggle against the net.
Harold fires a harpoon shot at you. The harpoon shot hits you!
Your icy armour cracks and falls away as you move.
The frozen ramparts melt away as you move.
You are yanked forward by the harpoon shot. 😮 HP[-9]
You take 9 damage, and now have 40/58 hp.
Harold hits you with a +0 war axe. 😮 HP[-2]
You take 2 damage, and now have 38/58 hp.
Casting: Summon Lightning Spire (dangerous; 4% risk of failure)
Confirm with . or Enter, or press ? or * to list all spells.
An electric hum fills the air.
Your lightning spire disappears in a puff of smoke!
Harold shouts, "Can you die now?
I had plans for the rest of the day!"
Harold hits you with a +0 war axe.
Harold hits your lightning spire but does no damage. 😮 HP[-7]
You take 7 damage, and now have 31/58 hp.
Casting: Summon Lightning Spire (dangerous; 4% risk of failure)
Confirm with . or Enter, or press ? or * to list all spells.
Casting: Frozen Ramparts (safe; 1% risk of failure)
Press: ? - help, Dir - look around, f - activate The walls around you are covered in ice.
* * * LOW HITPOINT WARNING * * *
The wall freezes Harold!
Harold hits you with a +0 war axe!
* * * LOW HITPOINT WARNING * * *
Harold hits your lightning spire with a +0 war axe. 😨 HP[-14]
You take 14 damage, and now have 17/58 hp.
MASSIVE DAMAGE!! (PAUSE)
You feel yourself speed up.
The wall freezes Harold!
You block Harold's attack.
Harold hits your lightning spire with a +0 war axe.
You feel better.
The wall freezes Harold.
Harold hits you with a +0 war axe!
* * * LOW HITPOINT WARNING * * *
Harold hits your lightning spire but does no damage. 😨 HP[-2]
You take 2 damage, and now have 15/58 hp.
Casting: Frozen Ramparts (safe; 1% risk of failure)
Confirm with . or Enter, or press ? or * to list all spells.
Aiming: Vampiric Draining (safe; 1% risk of failure)
Press: ? - help, Shift-Dir - straight line, f - Harold
Aim: Harold, wielding a +0 war axe and wearing a +0 chain mail (moderately wounded, ally target)
You draw life force from Harold!
You feel life coursing into your body.
* * * LOW HITPOINT WARNING * * *
The wall freezes Harold.
Harold casts a spell at you.
You barely resist. 😨 HP[+2]
You regained 2 hp, and now have 17/58 hp.
Casting: Vampiric Draining (safe; 1% risk of failure)
Confirm with . or Enter, or press ? or * to list all spells.
Aiming: Vampiric Draining (safe; 1% risk of failure)
Press: ? - help, Shift-Dir - straight line, f/p - Harold
Aim: Harold, wielding a +0 war axe and wearing a +0 chain mail (heavily wounded, ally target)
You draw life force from Harold!
You feel life coursing into your body.
* * * LOW HITPOINT WARNING * * *
😨 HP[+2]
You regained 2 hp, and now have 19/58 hp.
Casting: Vampiric Draining (safe; 1% risk of failure)
Confirm with . or Enter, or press ? or * to list all spells.
Aiming: Vampiric Draining (safe; 1% risk of failure)
Press: ? - help, Shift-Dir - straight line, f/p - Harold
Aim: Harold, wielding a +0 war axe and wearing a +0 chain mail (heavily wounded, ally target)
You draw life force from Harold!
You feel life coursing into your body.
* * * LOW HITPOINT WARNING * * *
The wall freezes Harold.
Harold hits you with a +0 war axe!
* * * LOW HITPOINT WARNING * * *
Harold hits your lightning spire with a +0 war axe! 😱 HP[-15]
You take 15 damage, and now have 4/58 hp.
MASSIVE DAMAGE!! (PAUSE)
Casting: Vampiric Draining (safe; 1% risk of failure)
Confirm with . or Enter, or press ? or * to list all spells.
Aiming: Vampiric Draining (safe; 1% risk of failure)
Press: ? - help, Shift-Dir - straight line, f/p - Harold
Aim: Harold, wielding a +0 war axe and wearing a +0 chain mail (severely wounded, ally target)
You draw life force from Harold.
You feel life coursing into your body.
* * * LOW HITPOINT WARNING * * *
The wall freezes Harold!
Harold hits you with a +0 war axe!!
You die...

Skill      XL: |  1  2  3  4  5  6  7  8  9 |
---------------+----------------------------+-----
Spellcasting   | 4 5 6 7 |  7.8
Maces & Flails | 1 3 5 |  5.9
Fighting       | 2 |  2.3
Dodging        | |  2.1
Stealth        | |  1.5

Action                   |  1- 3 |  4- 6 |  7- 9 || total
-------------------------+-------+-------+-------++-------
Melee: Hand axe          |     8 |       |       ||     8
       Punch             |     1 |       |     1 ||     2
       Mace              |     7 |    84 |    93 ||   184
 Cast: Freeze            |    30 |     1 |       ||    31
       Frozen Ramparts   |     1 |    12 |    11 ||    24
       Ozocubu's Armour  |     1 |     5 |     2 ||     8
       Hailstorm         |       |     2 |     2 ||     4
       Vampiric Draining |       |       |    23 ||    23
       Summon Lightning  |       |       |     6 ||     6
  Use: Potion            |       |     3 |     2 ||     5
 Stab: Sleeping          |       |     5 |     2 ||     7
       Distracted        |       |     1 |       ||     1
Armor: Robe              |    10 |     5 |       ||    15
       Leather armour    |       |    13 |    33 ||    46
Dodge: Dodged            |    23 |    55 |    60 ||   138
Block: Other             |       |       |    13 ||    13
       Reflection        |       |       |     1 ||     1

Levels and vault maps discovered:
D:1:      dpeg_arrival_rooms_a, layout_rooms, minmay_misc_feat_rugged,
          serial_bayou_ford_a
D:2:      layout_loops_ring, shapermc_ecumenical_altar_pompeii, basic_altar,
          minmay_stone_trees_medium, uniq_terence, uniq_natasha
D:3:      layout_basic, serial_shops, shop, uniq_jessica,
          uniq_crazy_yiuf_cottage, uniq_ijyb
D:4:      layout_rooms, palyth_stone_intersect, uniq_edmund
D:5:      layout_cave_pods, mainiacjoe_overflow_alcove_4, serial_shops,
          nicolae_shop_bloodbath_and_beyond
D:6:      layout_loops_cross
D:7:      layout_basic, minmay_temple_entry_enclosed_plants, uniq_harold,
          uniq_maggie
Temple:   eino_temple_scatter_basement

Notes
Turn   | Place    | Note
-------+----------+-------------------------------------------
     0 | D:1      | esteth the Djinni Ice Elementalist began the quest for the
                  | Orb.
     0 | D:1      | Reached XP level 1. HP: 15/15 MP: 0/0
     0 | D:1      | magus.rc [v1.11.3]
   171 | D:1      | Reached XP level 2. HP: 9/21 MP: 0/0
   861 | D:1      | Reached XP level 3. HP: 18/25 MP: 0/0
   861 | D:1      | Learned a level 1 spell: Apportation
  1374 | D:2      | Noticed Terence
  1385 | D:2      | Killed Terence
  1386 | D:2      | Reached skill level 4 in Spellcasting
  1386 | D:2      | Reached XP level 4. HP: 13/31 MP: 0/0
  2042 | D:2      | Noticed Natasha
  2047 | D:2      | Killed Natasha
  2269 | D:2      | Reached XP level 5. HP: 32/35 MP: 0/0
  2269 | D:2      | Learned a level 2 spell: Corpse Rot
  2331 | D:2      | Found a faded altar of an unknown god.
  2693 | D:2      | Noticed Natasha
  2701 | D:2      | Killed Natasha
  3096 | D:3      | Noticed Jessica
  3099 | D:3      | Killed Jessica
  3100 | D:3      | Reached skill level 5 in Spellcasting
  3227 | D:3      | Noticed Ijyb
  3240 | D:3      | HP: 8/35 [Ijyb (3)]
  3249 | D:3      | Killed Ijyb
  3760 | D:3      | Found Jykiwnia's Armour Shop.
  3786 | D:3      | Reached XP level 6. HP: 37/40 MP: 0/0
  4157 | D:3      | Found a runed translucent door.
  4158 | D:3      | Noticed Crazy Yiuf
  4160 | D:3      | Identified the +9 mace "Cymm" {venom, rPois}
  4297 | D:4      | Noticed Edmund
  4305 | D:4      | Killed Edmund
  4306 | D:4      | Reached skill level 1 in Maces & Flails
  4469 | D:4      | Reached XP level 7. HP: 45/45 MP: 0/0
  4469 | D:4      | Learned a level 3 spell: Vampiric Draining
  4489 | D:4      | Reached skill level 2 in Maces & Flails
  5097 | D:5      | Entered Level 5 of the Dungeon
  5105 | D:5      | Reached skill level 6 in Spellcasting
  5228 | D:5      | Found Kiumusit's Weapon Emporium.
  5243 | D:5      | Reached skill level 3 in Maces & Flails
  5460 | D:5      | Reached XP level 8. HP: 42/50 MP: 0/0
  5839 | D:5      | Reached skill level 4 in Maces & Flails
  6245 | D:5      | Found a sparkling altar of Nemelex Xobeh.
  6619 | D:6      | Reached skill level 7 in Spellcasting
  6927 | D:6      | Reached skill level 5 in Maces & Flails
  6927 | D:6      | Reached XP level 9. HP: 44/55 MP: 0/0
  6927 | D:6      | Learned a level 4 spell: Summon Lightning Spire
  7478 | D:6      | Upgraded the game from 0.29-a0-96-g93358da72b to
                  | 0.29-a0-100-g60f898f876
  7478 | D:6      | magus.rc [v1.11.3]
  7553 | D:7      | Reached skill level 1 in Fighting
  7721 | D:7      | Found a staircase to the Ecumenical Temple.
  7727 | Temple   | Entered the Ecumenical Temple
  7961 | D:7      | Noticed a hornet
  7969 | D:7      | Killed a hornet
  7970 | D:7      | Reached skill level 2 in Fighting
  8192 | D:7      | Noticed Harold
  8207 | D:7      | HP: 4/58 [Harold (17)]
  8208 | D:7      | Demolished by Harold

Vanquished Creatures
  A hornet (D:7)
  Edmund (D:4)
  A water moccasin (D:6)
  2 ice beasts
  2 sky beasts (D:6)
  3 ogres
  A kobold brigand (D:6)
  A bullfrog (D:7)
  4 scorpions
  A jelly (D:6)
  3 hounds
  Jessica (D:3)
  Terence (D:2)
  4 iguanas
  Ijyb (D:3)
  Natasha (twice) (D:2)
  3 hound skeletons
  7 adders
  3 white imps
  An ufetubus (D:4)
  An adder skeleton (D:3)
  4 worms
  2 dart slugs (D:2)
  6 orcs
  10 ball pythons
  2 bats
  5 endoplasms
  2 giant cockroaches (D:1)
  5 goblins
  3 hobgoblins
  13 jackals
  12 kobolds
  3 quokkas
  3 frilled lizards
  2 rats
116 creatures vanquished.

Vanquished Creatures (collateral kills)
  A water moccasin (D:7)
1 creature vanquished.

Vanquished Creatures (others)
  3 plants (D:1)
3 creatures vanquished.

Grand Total: 120 creatures vanquished

Table legend:
 A = Non-vault XP
 B = Vault XP
 C = Vault XP percentage of total XP
 D = Non-vault monster count
 E = Vault monster count
 F = Vault count percentage of total count
                 A         B        C        D         E       F
            +---------+---------+-------+---------+---------+-------
      Total |    2679 |     305 |  10.2 |     112 |       5 |   4.3
            +---------+---------+-------+---------+---------+-------
        D:1 |      34 |       0 |   0.0 |      18 |       0 |   0.0
        D:2 |      75 |      71 |  48.6 |      19 |       2 |   9.5
        D:3 |      24 |      72 |  75.0 |      12 |       2 |  14.3
        D:4 |     268 |     162 |  37.7 |      25 |       1 |   3.8
        D:5 |     708 |       0 |   0.0 |      18 |       0 |   0.0
        D:6 |     918 |       0 |   0.0 |      16 |       0 |   0.0
        D:7 |     652 |       0 |   0.0 |       4 |       0 |   0.0
            +---------+---------+-------+---------+---------+-------

Illustrated notes

Table legend:
 A = Kills in this place as a percentage of kills in entire the game.
 B = Kills by you in this place as a percentage of kills by you in the entire game.
 C = Kills by friends in this place as a percentage of kills by friends in the entire game.
 D = Other kills in this place as a percentage of other kills in the entire game.
 E = Experience gained in this place as a percentage of experience gained in the entire game.
 F = Experience gained in this place divided by the number of levels of this place that you have seen.
                   A       B       C       D       E      F
               +-------+-------+-------+-------+-------+----------------------
         Total | 100.0 | 100.0 | 100.0 |   N/A | 100.0 | 373.0
       Dungeon | 100.0 | 100.0 | 100.0 |   N/A | 100.0 | 426.3
               +-------+-------+-------+-------+-------+----------------------

Table legend: (Time is in decaauts)
 A = Elapsed time spent in this place.
 B = Non-inter-level travel time spent in this place.
 C = Inter-level travel time spent in this place.
 D = Time resting spent in this place.
 E = Time spent auto-exploring this place.
 F = Levels seen in this place.
 G = Mean time per level.
                   A        B        C        D        E       F      G
               +--------+--------+--------+--------+--------+-----+--------+
         Total |   8242 |   8102 |    140 |   1076 |   6122 |   8 | 1030.2 |
       Dungeon |   8043 |   7920 |    123 |   1076 |   5956 |   7 | 1149.0 |
        Temple |    198 |    181 |     17 |      0 |    166 |   1 |  198.0 |
               +--------+--------+--------+--------+--------+-----+--------+

Top non-repeatable levels by time:
     D:2: 1563 daAuts
     D:5: 1388 daAuts
     D:1: 1359 daAuts
     D:3: 1285 daAuts
     D:6: 1026 daAuts
     D:4: 910 daAuts
     D:7: 509 daAuts
  Temple: 198 daAuts
